 Dungeon Sprint DCSS version 0.29-a0-418-gc0181ea820 (webtiles) character file.

Game seed: 3073983255543877638

1000000 Zeld the Spry (level 13, -36/115 HPs)
             Began as a Djinni Monk on May 17, 2022.
             Was a Believer of Makhleb.
             Annihilated by a meat berserker
             ... wielding a +9 battleaxe
              (45 damage)
             ... in the Dungeon (Sprint VIII: "Arena of Blood").
             The game lasted 00:00:18 (10 turns).

Zeld the Spry (Djinni Monk)                           Turns: 10, Time: 00:00:19

Health: -36/115    AC:  2    Str: 14    XL:     13   Next: 12%
Gold:   0          EV: 24    Int: 13    God:    Makhleb [**....] SH:  0 Dex: 16

rFire   + + .      SeeInvis .   h - +∞ Axe of Woe
rCold   x . .      Faith    .   (shield currently unavailable)
rNeg    . . .      Spirit   .   a - +0 robe
rPois   ∞          Reflect  .   (no helmet)
rElec   .          Harm     .   (no cloak)
rCorr   .          Rampage  .   (no gloves)
Will    +....      NoTele   +   (boots unavailable)
Stlth   ++++......              (no amulet)
HPRegen 0.29/turn               (no ring)
MPRegen 0.00/turn               (no ring)

@: flying
A: sickness immunity, fire resistance 2, cold vulnerability 1, float, innate
caster, HP casting, extra vitality 1
a: Renounce Religion, Minor Destruction


You were in the Dungeon.
You worshipped Makhleb.
Makhleb was pleased with you.
You visited 1 branch

Inventory:

Hand Weapons
 h - the +∞ Axe of Woe (weapon)
   (You found it in the Dungeon)
Armour
 a - a +0 robe (worn)
Scrolls
 g - a scroll of blinking
Potions
 b - a potion of ambrosia
 c - a potion of curing
 d - a potion of heal wounds
 e - a potion of haste
 f - a potion of berserk rage


   Skills:
 + Level 18.7 Fighting
 + Level 1.2 Axes
 + Level 20.1 Dodging
 + Level 7.2 Stealth
 + Level 18.4 Unarmed Combat


You couldn't memorise any spells.
You knew the following spells:

 Your Spells              Type           Power      Damage    Failure   Level
a - Freeze                Ice            0%         1d3       30%         1
b - Blink                 Tloc           0%         N/A       43%         2
c - Gell's Gravitas       Tloc           0%         N/A       67%         3
d - Lesser Beckoning      Tloc           0%         N/A       67%         3
e - Dispel Undead         Necr           0%         3d6       97%         4
f - Metabolic Englaciati  Hex/Ice        0%         N/A       100%        5
Your spell library was empty.


Dungeon Overview and Level Annotations

Branches:
Dungeon (1/1)

Altars:
Makhleb


Innate Abilities, Weirdness & Mutations

You are immune to sickness and miasma.
You are immune to poison.
Your flesh is very heat resistant. (rF++)
You are vulnerable to cold. (rC-)
You float through the air rather than walking.
You learn spells naturally, not from books.
Your magical power is your life essence.
You have superior vitality. (+4 MHP)


Message History

[Y]es or [N]o only, please.
Save game and exit?
Okay, then.
Unknown command.
A bag of meat comes into view. It is wielding a +9 war axe.
You hear a shout! x6
A meat berserker comes into view. It is wielding a +9 battleaxe.
There is a staircase leading out of the dungeon, spattered with blood here.
Things that are here:
a +9 war axe; a +30 ring of slaying; a bag of meat corpse Unknown command.
Unknown command.
You hear a shout! x2
The meat berserker rages.
You hear a shout! x2
The meat berserker rages.
You hear a shout! x5
A bag of meat comes into view. It is wielding a +9 war axe.
Unknown command.
The bag of meat shouts!
You slash the bag of meat!
You cleave the bag of meat in twain.
You kill the bag of meat!
Makhleb accepts your kill.
The bag of meat appears out of thin air!
A bag of meat comes into view. It is wielding a +9 war axe.
You hear a shout!
A meat berserker comes into view. It is wielding a +9 battleaxe.
The meat berserker rages. x2
You hear a shout! x2
The meat berserker rages.
The meat berserker hits you with a +9 battleaxe!!!
You hear a shout!
A meat berserker comes into view. It is wielding a +9 battleaxe.
You hear a shout!
The meat berserker hits you with a +9 battleaxe!!!
Ouch! That really hurt!
* * * LOW HITPOINT WARNING * * *
You hear a shout! x4
The meat berserker hits you with a +9 battleaxe!!!
You die...

.. ..... #.
...# #.. ...# .
.###.. ...###..
...o..###....o.
......_....o
#..oO.# #_.@O_#
#.)...#
......_..O..
......###.o.O..
.###.. ..o###..
#.. ...# . #.
...# .. .....


You could see 4 meat berserkers and 6 bags of meat.

Vanquished Creatures
  An ogre (D)
  2 orcs (D)
3 creatures vanquished.

Notes
Turn   | Place    | Note
-------+----------+-------------------------------------------
     0 | D        | Found the +∞ Axe of Woe
     0 | D        | Zeld the Djinni Monk began the quest for the Orb.
     0 | D        | Reached XP level 1. HP: 20/20 MP: 0/0
     0 | D        | Noticed a meat berserker
     2 | D        | Killed a meat berserker
     2 | D        | Noticed a bag of meat
     2 | D        | Noticed a bag of meat
     2 | D        | Noticed a bag of meat
     3 | D        | Reached skill level 18 in Dodging
     3 | D        | Reached XP level 2. HP: 46/46 MP: 0/0
     3 | D        | Reached XP level 3. HP: 51/51 MP: 0/0
     3 | D        | Learned a level 1 spell: Freeze
     3 | D        | Reached XP level 4. HP: 58/58 MP: 0/0
     3 | D        | Reached XP level 5. HP: 64/64 MP: 0/0
     3 | D        | Learned a level 2 spell: Blink
     3 | D        | Reached XP level 6. HP: 70/70 MP: 0/0
     3 | D        | Reached XP level 7. HP: 76/76 MP: 0/0
     3 | D        | Learned a level 3 spell: Gell's Gravitas
     3 | D        | Reached XP level 8. HP: 82/82 MP: 0/0
     3 | D        | Reached XP level 9. HP: 88/88 MP: 0/0
     3 | D        | Learned a level 3 spell: Lesser Beckoning
     3 | D        | Reached XP level 10. HP: 94/94 MP: 0/0
     3 | D        | Reached XP level 11. HP: 100/100 MP: 0/0
     3 | D        | Learned a level 4 spell: Dispel Undead
     3 | D        | Reached XP level 12. HP: 106/106 MP: 0/0
     3 | D        | Noticed a bag of meat
     5 | D        | Became a worshipper of Makhleb the Destroyer
     5 | D        | Reached * piety under Makhleb
     5 | D        | Reached ** piety under Makhleb
     6 | D        | Noticed a bag of meat
     6 | D        | Noticed a meat berserker
     7 | D        | Killed a bag of meat
     7 | D        | Noticed a meat berserker
     7 | D        | Noticed a bag of meat
     8 | D        | Reached skill level 1 in Axes
     8 | D        | Reached skill level 20 in Dodging
     8 | D        | Reached XP level 13. HP: 115/115 MP: 0/0
     8 | D        | Learned a level 5 spell: Metabolic Englaciation
     8 | D        | Noticed a bag of meat
     9 | D        | Noticed a meat berserker
     9 | D        | Noticed a bag of meat
    10 | D        | Killed a bag of meat
    10 | D        | Noticed a meat berserker
    10 | D        | Noticed a meat berserker
    10 | D        | Annihilated by a meat berserker

Illustrated notes

Levels and vault maps discovered:
D:        meatsprint

Skill      XL: |  1  2  3  4  5  6  7  8  9 10 11 12 |
---------------+-------------------------------------+-----
Fighting       | 17 18 | 18.7
Dodging        | 18 20 | 20.1
Stealth        | 6 7 |  7.2
Unarmed Combat | 17 18 | 18.4
Axes           | 1 |  1.2

Action                   |  1- 3 |  4- 6 |  7- 9 | 10-12 | 13-15 || total
-------------------------+-------+-------+-------+-------+-------++-------
Melee: Executioner's axe |     1 |       |       |     1 |     1 ||     3

Table legend: (Time is in decaauts)
 A = Elapsed time spent in this place.
 B = Non-inter-level travel time spent in this place.
 C = Inter-level travel time spent in this place.
 D = Time resting spent in this place.
 E = Time spent auto-exploring this place.
 F = Levels seen in this place.
 G = Mean time per level.
                   A        B        C        D        E       F      G
               +--------+--------+--------+--------+--------+-----+--------+
         Total |     11 |     11 |      0 |      0 |      0 |   1 |   11.0 |
       Dungeon |     11 |     11 |      0 |      0 |      0 |   1 |   11.0 |
               +--------+--------+--------+--------+--------+-----+--------+

Top non-repeatable levels by time:
       D: 11 daAuts
